 Dungeon Sprint DCSS version 0.30-a0-1112-gfb780f5df6 (webtiles) character file.

Game seed: 17810552623170877645

25280 sircluck the Executioner (level 13, -2/139 HPs)
             Began as a Hill Orc Fighter on Apr 19, 2023.
             Was the Champion of Beogh.
             Killed from afar by a wendigo (49 damage)
             ... with a seracfall
             ... in the Dungeon (Sprint V: "Ziggurat Sprint").
             The game lasted 00:12:44 (1471 turns).

sircluck the Executioner (Hill Orc Fighter)         Turns: 1471, Time: 00:12:45

Health: -2/139     AC: 37    Str: 33    XL:     13   Next: 18%
Magic:  14/14      EV:  3    Int: 10    God:    Beogh [******]
Gold:   0          SH: 38    Dex: 10    Spells: 12/12 levels left

rFire   + . .      SeeInvis +    F - +16 obsidian axe {drain, demonic, Mesm Drain Fly SInv}
rCold   . . .      Faith    .    H - +18 shield of the Gong {Loud rN+ Will+ rCorr EV-5}
rNeg    + + .      Spirit   .    G - +15 Maxwell's patent armour {-Cast -Tele rElec Will+ rCorr}
rPois   .          Reflect  +    P - +2 hood of the Assassin {Detect Stab+ Stlth++}
rElec   +          Rampage  .    (no cloak)
rCorr   +          NoTele   +    (no gloves)
Will    +++..      NoCast   +    b - +2 pair of boots of Benevolence {rCorr} Stlth
                                 O - amulet of reflection
HPRegen 0.43/turn                I - ring "Hacuc" {Fire Will+ Str+3 SInv}
MPRegen 0.14/turn                N - ring of Hatehou {rC+ rN+ Str+6 Int+2}

@: flying
A: walk on water
a: Renounce Religion, Smiting, Recall Orcish Followers, Give Item to Named
Follower, Resurrection


You were in the Dungeon.
You worshipped Beogh.
Beogh was exalted by your worship.
You visited 1 branch

Inventory:

Hand Weapons
 a - a +0 war axe
 F - the +16 obsidian axe (weapon) {drain, demonic, Mesm Drain Fly SInv}
   (You found it in the Dungeon)

   Mesm:      Its wielder is mesmerised by any visible foes, and it cannot be
   unequipped while any foes are visible.
   SInv:      It lets you see invisible.
   Fly:       It grants you flight.
   Drain:     It drains your maximum health when unequipped.
Armour
 b - the +2 pair of boots of Benevolence (worn) {rCorr}
   (You found it in the Dungeon)

   rCorr:     It protects you from acid and corrosion.
 D - a +5 crystal plate armour
 E - +5 shadow dragon scales
 G - the +15 Maxwell's patent armour (worn) {-Cast -Tele rElec Will+ rCorr}
   (You found it in the Dungeon)

   rElec:     It insulates you from electricity.
   -Cast:     It prevents spellcasting.
   -Tele:     It prevents most forms of teleportation.
   rCorr:     It protects you from acid and corrosion.
   Will:      It increases your willpower.
 H - the +18 shield of the Gong (worn) {Loud rN+ Will+ rCorr EV-5}
   (You found it in the Dungeon)

   Loud:      It is deafeningly noisy when blocking attacks.
   EV:        It affects your evasion (-5).
   rN:        It protects you from negative energy.
   rCorr:     It protects you from acid and corrosion.
   Will:      It increases your willpower.
 P - the +2 hood of the Assassin (worn) {Detect Stab+ Stlth++}
   (You found it in the Dungeon)

   Detect:    It allows the wearer to sense nearby creatures.
   Stab+:     It allows the wearer to make particularly effective stabbing
   attacks against helpless or unaware enemies with any weapon.
   Stlth:     It makes you much more stealthy.
Jewellery
 v - a ring of flight
 w - a +6 ring of dexterity
 x - a +6 ring of dexterity
 y - a +6 ring of intelligence
 z - a +6 ring of intelligence
 A - a +6 ring of strength
 B - a +6 ring of strength
 C - a +5 ring of evasion
 I - the ring "Hacuc" (left hand) {Fire Will+ Str+3 SInv}
   (You found it in the Dungeon)

   [ring of fire]

   It enhances your fire magic.
   Str:       It affects your strength (+3).
   rF:        It protects you from fire.
   rC:        It makes you vulnerable to cold.
   SInv:      It lets you see invisible.
   Will:      It increases your willpower.
 J - the ring of Olutof Nius {Str+6 Dex+3}
   (You found it in the Dungeon)

   [ring of strength]

   Str:       It affects your strength (+6).
   Dex:       It affects your dexterity (+3).
 M - an amulet of magic regeneration
 N - the ring of Hatehou (right hand) {rC+ rN+ Str+6 Int+2}
   (You found it in the Dungeon)

   [ring of strength]

   Str:       It affects your strength (+6).
   Int:       It affects your intelligence (+2).
   rC:        It protects you from cold.
   rN:        It protects you from negative energy.
 O - an amulet of reflection (around neck)
 Q - a ring of see invisible
 R - an amulet of the acrobat
 S - the ring "Natokh" {rPois Str+3 Dex+6}
   (You found it in the Dungeon)

   [ring of dexterity]

   Str:       It affects your strength (+3).
   Dex:       It affects your dexterity (+6).
   rPois:     It protects you from poison.
 U - a ring of poison resistance
 V - the amulet "Juguercho" {Reflect MP+9 SH+5}
   (You found it in the Dungeon)

   [amulet of reflection]

   It reflects blocked missile attacks.
   MP:        It affects your magic capacity (+9).
   SH:        It affects your SH (+5).
 W - a +6 ring of strength
Wands
 n - a wand of paralysis (19)
 s - a wand of mindburst (11)
 t - a wand of iceblast (22)
 u - a wand of light (39)
 K - a wand of flame (16)
 T - a wand of polymorph (22)
Scrolls
 j - 4 scrolls of blinking
 o - 4 scrolls of amnesia
 p - 7 scrolls of fog
 q - 5 scrolls of identify
 r - 2 scrolls of fear
 L - a scroll of brand weapon
Potions
 d - 6 potions of might
 e - 10 potions of curing
 f - 8 potions of heal wounds
 g - 6 potions of haste
 h - 7 potions of magic
 i - 2 potions of berserk rage
 k - 2 potions of brilliance
 l - 2 potions of invisibility
 m - 4 potions of resistance
Miscellaneous
 Y - a phantom mirror
 Z - a phial of floods


   Skills:
 + Level 19.7 Fighting
 + Level 23.1 Axes
 + Level 15.1 Armour
 + Level 1.4 Dodging
 + Level 2.1 Stealth
 + Level 21.1 Shields
 + Level 1.3 Invocations
 + Level 2.8 Evocations


You had 12 spell levels left.
You didn't know any spells.
Your spell library contained the following spells:

 Spells                   Type           Power      Damage    Failure   Level
 Sandblast                Erth           0%         2d4       93%         1
 Slow                     Hex            0%         N/A       93%         1
 Blink                    Tloc           0%         N/A       98%         2
 Passwall                 Tmut/Erth      0%         N/A       98%         2
 Hailstorm                Conj/Ice       0%         3d3       100%        3
 Inner Flame              Hex/Fire       0%         N/A       100%        3
 Ozocubu's Armour         Ice            0%         N/A       100%        3
 Stone Arrow              Conj/Erth      0%         3d7       100%        3
 Animate Armour           Summ/Erth      0%         N/A       100%        4
 Ice Form                 Ice/Tmut       0%         N/A       100%        4
 Leda's Liquefaction      Hex/Erth       0%         N/A       100%        4
 Manifold Assault         Tloc           0%         N/A       100%        4
 Petrify                  Tmut/Erth      0%         N/A       100%        4
 Summon Ice Beast         Ice/Summ       0%         N/A       100%        4
 Blade Hands              Tmut           0%         N/A       100%        5
 Iskenderun's Battlesphe  Conj           0%         2d6       100%        5
 Metabolic Englaciation   Hex/Ice        0%         N/A       100%        5
 Yara's Violent Unravell  Hex/Tmut       0%         3d3       100%        5
 Iron Shot                Conj/Erth      0%         9d1       100%        6
 Simulacrum               Ice/Necr       0%         N/A       100%        6
 Statue Form              Tmut/Erth      0%         N/A       100%        6
 Enfeeble                 Hex            0%         N/A       100%        7
 Spellforged Servitor     Conj/Summ      0%         N/A       100%        7
 Storm Form               Tmut/Air       0%         N/A       100%        7
 Shatter                  Erth           0%         3d5*      100%        9


Dungeon Overview and Level Annotations

Branches:
Dungeon (1/1)

Altars:
Ashenzari
Cheibriados
Dithmenos
Elyvilon
Fedhas
Gozag
Hepliaklqana
Kikubaaqudgha
Makhleb
Nemelex Xobeh
Okawaru
Qazlal
Ru
Sif Muna
Trog
Uskayaw
Vehumet
Wu Jian
Xom
Yredelemnul
Zin
The Shining One
Beogh
Jiyva
Lugonu


Message History

Press: ? - help, Dir - move target, f - Spirok
Aim: Spirok the orc knight, wielding a +1 whip, wearing a +0 scale mail and wearing a +1 kite shield (friendly)
The floor.
Spirok unwields a +1 whip.
Spirok drops a +1 whip.
Spirok wields the +4 war axe "Conservator" {elec, rF- rCorr Str+7 Int+3}.
You hear the crackle of electricity.
Welcome to arena 17.
You enter the transporter and appear at another place.
A nargun, 3 hellions, a wendigo and 4 simulacra come into view.
Found nine items.
Visions of slaying the bat simulacrum flood into your mind.
The hellion gives a hideous shriek! x3; The wendigo howls!
An adder simulacrum comes into view.
The hellion gestures at you.
The sphere of damnation explodes!
The damnation engulfs you!!
Herok roars a battlecry!
Spirok goes into a battle-frenzy!
Spirok roars a battlecry!
Herok goes into a battle-frenzy!
A ball python simulacrum comes into view. x2
A titan comes into view.
A nargun comes into view.
A wendigo comes into view.
The wendigo howls!
The titan shouts!
You hear a roar!
You hear a shout!
A tormentor and a frost giant come into view.
The frost giant is wielding a +2 battleaxe of freezing.
Found eight items.
The tormentor roars!
The frost giant shouts!
The tormentor calls on the powers of darkness!
The frost giant convulses!
The titan convulses!
Your body is wracked with pain!
An adder simulacrum comes into view.
The bat simulacrum hits you but does no damage.
The hellion gestures at you.
The sphere of damnation explodes!
The damnation engulfs you!!
The damnation engulfs the bat simulacrum!!
You are no longer entranced.
The bat simulacrum vaporises!
The wendigo gestures.
The ball python simulacrum collapses into a mass of ice!
The mass of ice explodes!
The seracfall engulfs you!!!
You die...

▓...)))...
▓..:!Z|)[:.)..▓.........
▓..[ZR2Z[C:)..▓.........
▓..○..2C9R2Z..▓.........
▓....2Z9..Z...▓.........
▓.............▓..▓.....▓
▓.............▓.▓▓▓...▓▓
▓......○......▓..▓.....▓
▓......@......▓.....©...
▓.............▓▓▓▓▓▓▓▓▓▓
▓.....oo......▓....8©8..
▓.............▓..)[..))[
▓......©......▓....:)...
▓▓▓▓▓▓▓▓▓▓▓▓▓▓▓.........
▓.........


{{{{{{ { ▓......... {{ {{ { ▓.....†... You could see a titan, a frost giant, 2
wendigos, 2 narguns, 3 hellions, a tormentor, 2 ball python simulacra, 3 adder
simulacra, a jackal simulacrum, the friendly Herok the orc knight (strong) and
the friendly Spirok the orc knight (strong).

Vanquished Creatures
  3 azure jellies (D)
  2 nagarajas (D)
  A rockslime (D)
  A very ugly thing (D)
  A yellow draconian (D)
  A naga warrior (D)
  A glowing orange brain (D)
  4 draconians (D)
  An eye of devastation (D)
  A naga mage (D)
  A black mamba (D)
  A troll (D)
  A hornet (D)
  A wind drake (D)
  3 merfolk (D)
  7 slime creatures (D)
  4 spriggans (D)
  A neqoxec (D)
  A golden eye (D)
  A naga (D)
  A floating eye (D)
  8 water moccasins (D)
  A black bear (D)
  2 hell hounds (D)
  An ogre (D)
  A wolf (D)
  A centaur (D)
  3 quasits (D)
  4 jellies (D)
  4 iron imps (D)
  5 adders (D)
  A shadow imp (D)
  An adder skeleton (D)
  An adder zombie (D)
  5 endoplasms (D)
  A ball python (D)
  A ball python skeleton (D)
  3 giant cockroach zombies (D)
  A quokka skeleton (D)
82 creatures vanquished.

Vanquished Creatures (collateral kills)
  An acid blob (D)
  2 rockslimes (D)
  A nagaraja (D)
  An anaconda (D)
  A naga warrior (D)
  A draconian (D)
  3 slime creatures (D)
  2 guardian serpents (D)
  A smoke demon (D)
  An eye of devastation (D)
  4 naga magi (D)
  A ynoxinul (D)
  2 water moccasins (D)
  4 nagas (D)
  3 ogres (D)
  A black bear (D)
  A centaur (D)
  A jelly (D)
  2 iron imps (D)
  A mummy (D)
  2 adders (D)
  2 ufetubi (D)
  2 endoplasms (D)
  A ball python (D)
  A giant cockroach zombie (D)
42 creatures vanquished.

Vanquished Creatures (others)
  A wolf (D)
  An orc priest (D)
  An orc (D)
  A ball python (D)
  A ball python simulacrum (D)
  A bat simulacrum (D)
6 creatures vanquished.

Grand Total: 130 creatures vanquished

Notes
Turn   | Place    | Note
-------+----------+-------------------------------------------
     0 | D        | sircluck the Hill Orc Fighter began the quest for the Orb.
     0 | D        | Reached XP level 1. HP: 19/19 MP: 1/1
     0 | D        | Found a shimmering blue altar of Sif Muna.
     0 | D        | Found a bloodstained altar of Trog.
     0 | D        | Found a sacrificial altar of Ru.
     0 | D        | Found a stormy altar of Qazlal.
     0 | D        | Found an iron altar of Okawaru.
     1 | D        | Found a sparkling altar of Nemelex Xobeh.
     1 | D        | Found a blossoming altar of Fedhas.
     1 | D        | Found the +6 Majin-Bo {spellvamp, MP+6 Int+6}
     1 | D        | Found the +27 heavy crossbow "Sniper" {heavy, Acc+∞ SInv}
     1 | D        | Found the +10 dark maul {heavy}
     1 | D        | Found the +15 Maxwell's patent armour {-Cast -Tele rElec
                  | Will+ rCorr}
     1 | D        | Found the +18 shield of the Gong {Loud rN+ Will+ rCorr
                  | EV-5}
     1 | D        | Found the +16 obsidian axe {drain, demonic, Mesm Drain Fly
                  | SInv}
     1 | D        | Found the +7 great mace "Firestarter" {flame, immolate,
                  | rFlCloud rF++}
     1 | D        | Found the +6 shillelagh "Devastator" {shatter}
     1 | D        | Found the +11 plutonium sword {Contam Stlth-}
     1 | D        | Found the +8 lance "Wyrmbane" {slay drac, rPois rF+ rC+
                  | AC+3}
     1 | D        | Found the +9 sword of Zonguldrok {reap}
     1 | D        | Found the +13 scythe of Curses {drain, curses, Drain}
     1 | D        | Found the +9 sword of Power {lifebolt}
     1 | D        | Found the +7 mace of Variability {chaos, chaos arc}
     1 | D        | Found the +11 Singing Sword {sonic wave}
     1 | D        | Found the +8 storm bow {elec, penet}
     3 | D        | Found a transporter.
     3 | D        | Found an ancient bone altar of Kikubaaqudgha.
     3 | D        | Found a viscous altar of Jiyva.
     3 | D        | Found a corrupted altar of Lugonu.
     3 | D        | Found a hazy altar of Hepliaklqana.
     3 | D        | Found a burning altar of Makhleb.
     3 | D        | Found an opulent altar of Gozag.
    95 | D        | Became a worshipper of Beogh the Brigand
   112 | D        | Entered arena 2.
   112 | D        | Noticed an iron imp
   112 | D        | Found a transporter.
   115 | D        | Killed an iron imp
   116 | D        | Reached skill level 5 in Fighting
   116 | D        | Reached skill level 3 in Axes
   116 | D        | Reached XP level 2. HP: 29/29 MP: 2/2
   116 | D        | Reached XP level 3. HP: 36/36 MP: 3/3
   124 | D        | Entered arena 3.
   124 | D        | Noticed a water moccasin
   124 | D        | Found a transporter.
   126 | D        | Reached * piety under Beogh
   127 | D        | Reached skill level 5 in Shields
   128 | D        | Reached skill level 4 in Axes
   128 | D        | Reached skill level 5 in Armour
   128 | D        | Killed a water moccasin
   129 | D        | Reached skill level 5 in Axes
   129 | D        | Reached XP level 4. HP: 40/47 MP: 4/4
   129 | D        | Reached XP level 5. HP: 44/52 MP: 5/5
   136 | D        | Got the ring "Hacuc" {Fire Will+ Str+3 SInv}
   141 | D        | Reached skill level 10 in Fighting
   141 | D        | Reached skill level 8 in Axes
   141 | D        | Reached XP level 6. HP: 61/67 MP: 6/6
   142 | D        | Entered arena 4.
   142 | D        | Found a transporter.
   146 | D        | Reached ** piety under Beogh
   159 | D        | Entered arena 5.
   159 | D        | Noticed a water moccasin
   159 | D        | Noticed a naga
   159 | D        | Noticed a naga
   159 | D        | Found a transporter.
   160 | D        | Reached *** piety under Beogh
   161 | D        | Killed a naga
   161 | D        | Killed a naga
   161 | D        | Killed a water moccasin
   162 | D        | Reached skill level 10 in Axes
   162 | D        | Reached XP level 7. HP: 75/75 MP: 7/7
   174 | D        | Entered arena 6.
   174 | D        | Noticed a troll
   174 | D        | Found a transporter.
   176 | D        | Reached **** piety under Beogh
   177 | D        | Reached skill level 10 in Shields
   178 | D        | Reached XP level 8. HP: 83/84 MP: 8/8
   179 | D        | Killed a troll
   180 | D        | Reached skill level 11 in Axes
   180 | D        | Reached skill level 10 in Armour
   180 | D        | Reached skill level 1 in Stealth
   187 | D        | Got the ring of Olutof Nius {Str+6 Dex+3}
   196 | D        | Entered arena 7.
   196 | D        | Noticed a draconian
   196 | D        | Noticed a draconian
   196 | D        | Noticed a draconian
   196 | D        | Noticed a draconian
   196 | D        | Noticed a draconian
   196 | D        | Noticed a yellow draconian
   198 | D        | Found a transporter.
   209 | D        | Killed a draconian
   209 | D        | Killed a draconian
   209 | D        | Reached ***** piety under Beogh
   210 | D        | Reached skill level 13 in Axes
   210 | D        | Reached skill level 1 in Evocations
   210 | D        | Reached XP level 9. HP: 82/93 MP: 7/9
   210 | D        | Killed a draconian
   211 | D        | Killed a yellow draconian
   211 | D        | Killed a draconian
   212 | D        | Reached skill level 15 in Axes
   215 | D        | Killed a draconian
   216 | D        | Reached XP level 10. HP: 95/104 MP: 8/10
   234 | D        | Entered arena 8.
   235 | D        | Found a transporter.
   241 | D        | Reached skill level 16 in Axes
   246 | D        | Reached ****** piety under Beogh
   250 | D        | Reached skill level 17 in Axes
   258 | D        | Entered arena 9.
   258 | D        | Noticed a naga mage
   258 | D        | Noticed a black mamba
   259 | D        | Found a transporter.
   263 | D        | Killed a black mamba
   266 | D        | Killed a naga mage
   267 | D        | Reached skill level 15 in Fighting
   273 | D        | Got the ring of Hatehou {rC+ rN+ Str+6 Int+2}
   291 | D        | Entered arena 10.
   291 | D        | Found the +2 hood of the Assassin {Detect Stab+ Stlth++}
   291 | D        | Noticed a spriggan rider
   300 | D        | Reached skill level 18 in Axes
   301 | D        | Found a transporter.
   304 | D        | Reached skill level 15 in Shields
   306 | D        | Reached XP level 11. HP: 97/112 MP: 11/11
   374 | D        | Entered arena 11.
   375 | D        | Found a transporter.
   397 | D        | Got the ring "Natokh" {rPois Str+3 Dex+6}
   403 | D        | Got the Guidebook on Breccia and Companions
   409 | D        | Entered arena 12.
   409 | D        | Noticed an azure jelly
   409 | D        | Noticed a rockslime
   410 | D        | Noticed a rockslime
   410 | D        | Found the +9 staff of Olgreb {rPois∞}
   411 | D        | Found a transporter.
   417 | D        | Killed an azure jelly
   417 | D        | Killed a rockslime
   418 | D        | Reached skill level 19 in Axes
   424 | D        | Killed a rockslime
   425 | D        | Reached skill level 20 in Axes
   503 | D        | Entered arena 13.
   503 | D        | Noticed an anaconda
   505 | D        | Found a transporter.
   508 | D        | Killed an anaconda
   509 | D        | Reached skill level 1 in Dodging
   547 | D        | Entered arena 14.
   548 | D        | Noticed a cyan very ugly thing
   550 | D        | Found a transporter.
   554 | D        | Killed a cyan very ugly thing
   555 | D        | Reached skill level 21 in Axes
   555 | D        | Reached XP level 12. HP: 124/124 MP: 12/12
   564 | D        | Got the amulet "Juguercho" {Reflect MP+9 SH+5}
   574 | D        | Got the Encyclopedia of Hexing Metal
   602 | D        | Entered arena 15.
   603 | D        | Noticed a rockslime
   604 | D        | Noticed an azure jelly
   605 | D        | Found a transporter.
   608 | D        | Paralysed by a floating eye for 4 turns
   614 | D        | Killed a rockslime
   624 | D        | Killed an azure jelly
   626 | D        | Gained Warrok as an ally
   894 | D        | Got the +4 war axe "Conservator" {elec, rF- rCorr Str+7
                  | Int+3}
   904 | D        | Entered arena 16.
   905 | D        | Noticed a nagaraja
   905 | D        | Noticed a nagaraja
   906 | D        | Noticed a naga warrior
   906 | D        | Noticed a naga warrior
   906 | D        | Noticed a nagaraja
   906 | D        | Found the +3 Elemental Staff {rElec rF+ rC+ AC+3}
   907 | D        | Found a transporter.
   907 | D        | Your ally Warrok died
   911 | D        | Killed a nagaraja
   911 | D        | Killed a nagaraja
   912 | D        | Reached skill level 22 in Axes
   913 | D        | Killed a nagaraja
   916 | D        | Killed a naga warrior
   916 | D        | Killed a naga warrior
  1250 | D        | Entered arena 17.
  1253 | D        | Noticed an azure jelly
  1253 | D        | Noticed an acid blob
  1257 | D        | Found a transporter.
  1260 | D        | Gained Spirok as an ally
  1260 | D        | Killed an acid blob
  1261 | D        | Reached skill level 1 in Invocations
  1261 | D        | Reached XP level 13. HP: 40/137 MP: 13/13
  1263 | D        | Killed an azure jelly
  1270 | D        | Gained Herok as an ally
  1272 | D        | Reached skill level 23 in Axes
  1274 | D        | Reached skill level 15 in Armour
  1451 | D        | Got the +2 pair of boots of Benevolence {rCorr}
  1467 | D        | Entered arena 18.
  1470 | D        | Noticed a nargun
  1470 | D        | Noticed a wendigo
  1470 | D        | Noticed a titan
  1470 | D        | Noticed a nargun
  1470 | D        | Noticed a wendigo
  1471 | D        | Noticed a frost giant
  1471 | D        | Killed from afar by a wendigo

Illustrated notes

Levels and vault maps discovered:
D:        sprint_v [room_start, room_1, room_2, room_3, room_4, room_5, room_6,
          room_7, room_8, room_9, room_10, room_11, room_12, room_13, room_14,
          room_15, room_16, room_17, room_18, room_19, room_20, room_21,
          room_22, room_23, room_24, room_25, room_26, room_27]

Skill      XL: |  1  2  3  4  5  6  7  8  9 10 11 12 13 |
---------------+----------------------------------------+-----
Fighting       | 5 7 10 11 12 13 14 15 16 19 | 19.7
Axes           | 3 5 8 10 13 15 18 21 22 23 | 23.1
Armour         | 4 6 8 9 10 11 12 13 14 15 | 15.1
Shields        | 4 6 8 9 10 11 13 15 18 20 21 | 21.1
Stealth        | 1 2 |  2.1
Evocations     | 1 2 |  2.8
Dodging        | 1 |  1.4
Invocations    | 1 |  1.3

Action                     |  1- 3 |  4- 6 |  7- 9 | 10-12 | 13-15 || total
---------------------------+-------+-------+-------+-------+-------++-------
  Melee: Broad axe         |     5 |     3 |    19 |    78 |    12 ||   117
 Invoke: Recall Orcish Fol |       |       |     1 |     1 |       ||     2
         Give Item to Name |       |       |       |     1 |     1 ||     2
  Evoke: Wand              |       |     2 |       |       |       ||     2
         Phial of floods   |       |       |       |     1 |       ||     1
         Phantom mirror    |       |       |       |     1 |       ||     1
    Use: Potion            |       |     1 |       |     1 |     2 ||     4
 Armour: Plate armour      |       |     1 |     6 |    59 |     1 ||    67
  Dodge: Dodged            |       |       |     1 |     5 |       ||     6
  Block: Kite shield       |     6 |     5 |    29 |   162 |     5 ||   207
         Reflection        |       |       |       |     6 |       ||     6

Table legend: (Time is in decaauts)
 A = Elapsed time spent in this place.
 B = Non-inter-level travel time spent in this place.
 C = Inter-level travel time spent in this place.
 D = Time resting spent in this place.
 E = Time spent auto-exploring this place.
 F = Levels seen in this place.
 G = Mean time per level.
                   A        B        C        D        E       F      G
               +--------+--------+--------+--------+--------+-----+--------+
         Total |   1462 |   1462 |      0 |    777 |     66 |   1 | 1462.0 |
       Dungeon |   1462 |   1462 |      0 |    777 |     66 |   1 | 1462.0 |
               +--------+--------+--------+--------+--------+-----+--------+

Top non-repeatable levels by time:
       D: 1462 daAuts
